[Event "Team 45 45 League T95"]
[Site "Internet Chess Club"]
[Date "2023.02.17"]
[Round "6"]
[White "Fulmar"]
[Black "smsxman"]
[Result "1-0"]
[WhiteElo "1230"]
[BlackElo "1407"]
[Opening "Scandinavian (center counter) defense"]
[ECO "B01"]
[Time "21:00:25"]
[PlyCount "61"]
[TimeControl "2700+45"]

1. e4 d5 2. exd5 Qxd5 3. Nc3 Qd8 4. Bc4 e6 5. Nf3 Nf6 6. d3 Be7 7. O-O Bd7 8. a3
c5 9. h3 a6 10. Re1 b5 11. Bb3 O-O 12. Bd2 Nc6 13. a4 Na5 14. Ne5 Nxb3 15. cxb3
b4 16. Ne4 Nxe4 17. Rxe4 Bf6 18. Nc4 Bc6 19. Re3 Bd4 20. Rg3 Bd5 21. Qc2 Rc8 22.
Bh6 Kh8 23. Bf4 h6 24. Nd6 Ra8 25. Qd2 g5 26. Bxg5 hxg5 27. Rxg5 f6 28. Rh5+ Kg8
29. Qh6 Bxf2+ 30. Kxf2 Ra7 31. Qh8# {Black checkmated} 1-0

[Event "Team 45 45 League T95"]
[Site "Internet Chess Club"]
[Date "2023.02.17"]
[Round "6"]
[White "fileman"]
[Black "primerpaso"]
[Result "1/2-1/2"]
[WhiteElo "1786"]
[BlackElo "1800"]
[Opening "Sicilian: Najdorf, Byrne (English) attack"]
[ECO "B90"]
[Time "14:12:27"]
[PlyCount "99"]
[TimeControl "2700+45"]

1. e4 c5 2. Nf3 d6 3. d4 cxd4 4. Nxd4 Nf6 5. Nc3 a6 6. Be3 e5 7. Nb3 Be6 8. f3
Be7 9. Qd2 Nbd7 10. g4 h6 11. h4 b5 12. O-O-O b4 13. Na4 Qc7 14. Kb1 d5 15. exd5
Nxd5 16. Bd3 Nxe3 17. Qxe3 Bd5 18. Bf5 Bc6 19. Bxd7+ Bxd7 20. Nb6 Rd8 21. Rxd7
Rxd7 22. Nxd7 Kxd7 23. Rd1+ Kc8 24. Qd3 Rd8 25. Qxa6+ Kb8 26. Rxd8+ Bxd8 27.
Qb5+ Kc8 28. Qxb4 Bxh4 29. Qf8+ Qd8 30. Qc5+ Qc7 31. c3 Be7 32. Qxc7+ Kxc7 33.
Kc2 g6 34. Kd3 f5 35. gxf5 gxf5 36. Nc1 Kd6 37. b4 h5 38. Ne2 Bh4 39. Ng1 Be1
40. Kc4 h4 41. a4 e4 42. fxe4 fxe4 43. a5 Bd2 44. a6 Be3 45. Nh3 Ba7 46. Nf4 Bf2
47. Nh3 Ba7 48. Nf4 Bf2 49. Nh3 Ba7 50. Nf4 {Game drawn by repetition} 1/2-1/2

[Event "Team 45 45 League T95"]
[Site "Internet Chess Club"]
[Date "2023.02.17"]
[Round "6"]
[White "ElValero"]
[Black "Redman1"]
[Result "1-0"]
[WhiteElo "1678"]
[BlackElo "1612"]
[Opening "Dutch: classical variation"]
[ECO "A96"]
[Time "09:00:22"]
[PlyCount "125"]
[TimeControl "2700+45"]

1. d4 e6 2. Nf3 f5 3. g3 Nf6 4. Bg2 Be7 5. O-O d6 6. c4 O-O 7. Nc3 Ne4 8. Qd3
Nxc3 9. Qxc3 a5 10. b3 Bf6 11. Bb2 Nc6 12. Qd2 e5 13. d5 Nb4 14. Bc3 g5 15. h3
Bd7 16. Rfd1 g4 17. hxg4 fxg4 18. Ne1 h5 19. Qh6 Be8 20. Be4 Qe7 21. a3 Na6 22.
Nd3 h4 23. Bxa5 hxg3 24. fxg3 Bg5 25. Qh2 Be3+ 26. Kg2 Nc5 27. Rh1 Qg7 28. Bh7+
Kf7 29. Rhf1+ Ke7 30. Rxf8 Qxf8 31. Qh4+ Qf6 32. Qxf6+ Kxf6 33. Nxc5 Bxc5 34.
Bxc7 Rxa3 35. Rxa3 Bxa3 36. Bd8+ Kg7 37. Bf5 Bg6 38. Bxg6 Kxg6 39. e4 Bc5 40.
Ba5 Kf7 41. Be1 Bd4 42. Kf1 Ke8 43. Bf2 Bc3 44. c5 Kd7 45. cxd6 Kxd6 46. Ke2 Bb4
47. Kd3 b5 48. Ke2 Bc3 49. Be1 Bd4 50. Bb4+ Kd7 51. Bf8 Bc3 52. Bc5 Kc7 53. Bf8
Kd7 54. Bh6 Kd6 55. Bd2 Bd4 56. Be1 Kd7 57. Kd3 Kd6 58. Bb4+ Kd7 59. Bc3 Bf2 60.
Bxe5 Be1 61. Bf4 Bf2 62. e5 Be1 63. Ke4 {Black resigns} 1-0

[Event "Team 45 45 League T95"]
[Site "Internet Chess Club"]
[Date "2023.02.19"]
[Round "6"]
[White "MrAbendroth"]
[Black "Portola"]
[Result "0-1"]
[WhiteElo "1664"]
[BlackElo "1809"]
[Opening "French: Rubinstein variation"]
[ECO "C10"]
[Time "10:00:31"]
[PlyCount "104"]
[TimeControl "2700+45"]

1. e4 e6 2. d4 d5 3. Nc3 dxe4 4. Nxe4 Be7 5. Nf3 Nd7 6. Bd3 Ngf6 7. Bf4 Nxe4 8.
Bxe4 c5 9. O-O O-O 10. c3 cxd4 11. cxd4 Nf6 12. Bd3 Bd7 13. Qe2 Bc6 14. Rad1 Qa5
15. Ne5 Bd5 16. b3 Rac8 17. Rfe1 Rfe8 18. g4 g6 19. h4 Kg7 20. Kh2 Qc3 21. Be3
Bd6 22. f4 Qc7 23. Bd2 a6 24. Kh3 Ng8 25. g5 Ne7 26. h5 Nf5 27. Bxf5 exf5 28.
Rc1 Qd8 29. h6+ Kg8 30. Qf2 b5 31. Nd3 Rxe1 32. Qxe1 Rxc1 33. Bxc1 Qa8 34. Qe3
Bg2+ 35. Kh2 Bf1 36. Qg3 Qe4 37. Nf2 Qc2 38. Qe3 Qxa2 39. Qe8+ Bf8 40. Qe3 Qe2
41. Qg3 Bb4 42. Be3 Qb2 43. Qf3 Qxb3 44. Qa8+ Bf8 45. Qf3 a5 46. Kg3 Bc4 47. Nd1
a4 48. d5 Bxd5 49. Qf2 Qxd1 50. Bd4 Qd3+ 51. Kh2 Qf3 52. Qb2 Qxf4+ {White
resigns} 0-1

[Event "Team 45 45 League T95"]
[Site "Internet Chess Club"]
[Date "2023.02.18"]
[Round "6"]
[White "room-matt"]
[Black "bobhill"]
[Result "1/2-1/2"]
[WhiteElo "1777"]
[BlackElo "1806"]
[Opening "Richter-Veresov attack"]
[ECO "D01"]
[Time "14:10:55"]
[PlyCount "111"]
[TimeControl "2700+45"]

1. d4 d5 2. Nc3 Nf6 3. Bg5 g6 4. Bxf6 exf6 5. e3 Bg7 6. Bd3 O-O 7. Qf3 c6 8. g4
Na6 9. a3 Re8 10. O-O-O Nc7 11. Nge2 a5 12. h4 b5 13. Na2 Qe7 14. c3 Ba6 15. Ng3
b4 16. cxb4 Bxd3 17. Rxd3 Nb5 18. h5 Nd6 19. Kb1 Ne4 20. Ne2 Qa7 21. Nec3 Qa6
22. Rhd1 Bf8 23. b5 Qb7 24. bxc6 Qxc6 25. Nxe4 dxe4 26. Qg2 Qb6 27. Rc3 Rab8 28.
Rd2 Qb5 29. Rdc2 f5 30. Nc1 a4 31. Ne2 Bd6 32. Ng3 Kh8 33. hxg6 fxg6 34. gxf5
Bxg3 35. Rc5 Qd3 36. Qxg3 Qd1+ 37. Ka2 Qh5 38. f6 g5 39. Rc7 Qg6 40. R2c6 Rf8
41. Rg7 Qh5 42. Rcc7 Rxb2+ 43. Kxb2 Qe2+ 44. Kc3 Qd3+ 45. Kb4 Rb8+ 46. Kc5 Qb5+
47. Kd6 Qb6+ 48. Ke5 Re8+ 49. Kf5 Qe6+ 50. Kxg5 h6+ 51. Kxh6 Qxf6+ 52. Rg6 Qf8+
53. Kg5 Qf5+ 54. Kxf5 Rf8+ 55. Kg5 Rf5+ 56. Kxf5 {Black stalemated} 1/2-1/2

[Event "Team 45 45 League T95"]
[Site "Internet Chess Club"]
[Date "2023.02.19"]
[Round "6"]
[White "Beetlejuice"]
[Black "Packerfan"]
[Result "1/2-1/2"]
[WhiteElo "1715"]
[BlackElo "1712"]
[Opening "English: Bremen, Smyslov system"]
[ECO "A22"]
[Time "15:00:58"]
[PlyCount "47"]
[TimeControl "2700+45"]

1. c4 e5 2. Nc3 Nf6 3. g3 Bb4 4. e4 Nc6 5. Nge2 O-O 6. Bg2 d6 7. O-O a5 8. h3
Bc5 9. d3 Be6 10. Nd5 h6 11. Kh2 Nd4 12. f4 Nxe2 13. Qxe2 Nxd5 14. exd5 Bd7 15.
fxe5 Qe7 16. Bf4 g5 17. Bd2 Qxe5 18. Qxe5 dxe5 19. Bc3 f6 20. Rae1 a4 21. g4
Rab8 22. Be4 Kg7 23. Bf5 Rbd8 24. Bxd7 {Game drawn by mutual agreement} 1/2-1/2

[Event "Team 45 45 League T95"]
[Site "Internet Chess Club"]
[Date "2023.02.20"]
[Round "6"]
[White "RD1974"]
[Black "discipulo"]
[Result "0-1"]
[WhiteElo "1591"]
[BlackElo "1715"]
[Opening "Queen's pawn game"]
[ECO "E10"]
[Time "12:01:21"]
[PlyCount "76"]
[TimeControl "2700+45"]

1. d4 Nf6 2. c4 e6 3. Nf3 d5 4. g3 Bb4+ 5. Bd2 Be7 6. Bg2 O-O 7. O-O Nbd7 8. Nc3
c6 9. Qc2 b6 10. e4 dxe4 11. Nxe4 Bb7 12. Nc3 Rc8 13. Ne5 Qc7 14. Rfe1 Rfd8 15.
Bf4 Bd6 16. Ne4 Nxe4 17. Nxf7 Kxf7 18. Qxe4 Bxf4 19. Qxe6+ Kf8 20. gxf4 Qxf4 21.
d5 cxd5 22. cxd5 Qf6 23. Qh3 Kg8 24. Re6 Qxb2 25. Rae1 Rc1 26. Qe3 Rxe1+ 27.
Qxe1 Nf6 28. Re2 Qb5 29. Rd2 Bxd5 30. Bxd5+ Rxd5 31. Qe6+ Kf8 32. Rxd5 Qxd5 33.
Qc8+ Kf7 34. Qc7+ Qd7 35. Qc4+ Kf8 36. Qb4+ Kg8 37. Qc4+ Kh8 38. Qf4 Qg4+ {White
resigns} 0-1

[Event "Team 45 45 League T95"]
[Site "Internet Chess Club"]
[Date "2023.02.20"]
[Round "6"]
[White "ivanson"]
[Black "vollmerj"]
[Result "1/2-1/2"]
[WhiteElo "1567"]
[BlackElo "1519"]
[Opening "Sicilian: Alapin's variation (2.c3)"]
[ECO "B22"]
[Time "19:47:59"]
[PlyCount "44"]
[TimeControl "2700+45"]

1. e4 c5 2. c3 g6 3. d4 cxd4 4. cxd4 Bg7 5. Nc3 d6 6. Nf3 Nf6 7. h3 O-O 8. Bd3
Nc6 9. O-O e5 10. dxe5 Nxe5 11. Nxe5 dxe5 12. Bc4 Qc7 13. Qb3 Bd7 14. Be3 Bc6
15. Bd5 Bxd5 16. Nxd5 Nxd5 17. Qxd5 Rfd8 18. Qb3 b6 19. Rac1 Qb7 20. f3 Rd7 21.
Rc3 Rad8 22. Bg5 Rc8 {Game drawn by mutual agreement} 1/2-1/2

[Event "Team 45 45 League T95"]
[Site "Internet Chess Club"]
[Date "2023.02.19"]
[Round "6"]
[White "BlueStorm"]
[Black "trogers41"]
[Result "0-1"]
[WhiteElo "1478"]
[BlackElo "1380"]
[Opening "Trompowsky attack (Ruth, Opocenský opening)"]
[ECO "A45"]
[Time "16:01:08"]
[PlyCount "126"]
[TimeControl "2700+45"]

1. d4 Nf6 2. Bg5 d5 3. Bxf6 gxf6 4. e3 e5 5. Nd2 Nc6 6. Bb5 Bd7 7. Qe2 Qe7 8. c3
O-O-O 9. b4 h5 10. Nb3 exd4 11. Bxc6 Bxc6 12. Nxd4 Qd7 13. Qf3 Qd6 14. Nge2 Bd7
15. Nf5 Qe5 16. Ned4 Bxf5 17. Qxf5+ Kb8 18. a4 c5 19. bxc5 Bxc5 20. O-O Bxd4 21.
Qxe5+ Bxe5 22. Rac1 Rc8 23. Rfd1 Rhd8 24. Rd3 Rc4 25. f4 Bc7 26. Rcd1 Rxa4 27.
Rxd5 Rxd5 28. Rxd5 Bb6 29. Kf2 Rxf4+ 30. Ke2 Re4 31. Rxh5 Rxe3+ 32. Kd2 Re5 33.
Rh7 Rg5 34. g3 Rf5 35. Kd3 Kc8 36. Rxf7 Bg1 37. Rh7 Rf3+ 38. Kc4 Be3 39. Kb3 Bd4
40. g4 Rxc3+ 41. Kb4 Rc7 42. Rh8+ Kd7 43. h4 Be3 44. h5 Rc8 45. Rh7+ Kc6 46. Rg7
Bg5 47. Rg6 Re8 48. h6 Re4+ 49. Kc3 Rxg4 50. h7 Rh4 51. Rg7 a5 52. Rf7 b5 53.
Ra7 a4 54. Kd3 Kc5 55. Rc7+ Kb4 56. Rd7 Kb3 57. Ke2 b4 58. Rd3+ Kb2 59. Rd7 a3
60. Kd1 a2 61. Ra7 b3 62. Ra4 Rxh7 63. Rxa2+ bxa2 {White resigns} 0-1

[Event "Team 45 45 League T95"]
[Site "Internet Chess Club"]
[Date "2023.02.20"]
[Round "6"]
[White "Fulmar"]
[Black "BrerRabbit"]
[Result "0-1"]
[WhiteElo "1218"]
[BlackElo "1322"]
[Opening "Scandinavian (center counter) defense"]
[ECO "B01"]
[Time "19:02:14"]
[PlyCount "124"]
[TimeControl "2700+45"]

1. e4 d5 2. exd5 Qxd5 3. Nc3 Qd8 4. Bc4 Nf6 5. Nf3 a6 6. a3 b5 7. Ba2 e6 8. d3
Be7 9. O-O O-O 10. h3 Bb7 11. Be3 c5 12. Re1 Nc6 13. Nb1 Qc7 14. Nbd2 Rfd8 15.
c3 Rxd3 16. Bb1 Rd7 17. Bg5 h6 18. Bh4 Nh7 19. Qc2 Nf8 20. Bg3 Bd6 21. Bxd6 Qxd6
22. Ne4 Qe7 23. Ba2 c4 24. b4 Rad8 25. Nc5 Rc7 26. Rad1 Bc8 27. a4 Nd7 28. Bb1
g6 29. Nxd7 Rcxd7 30. Rxd7 Rxd7 31. axb5 axb5 32. Qe4 Bb7 33. Qe3 Kg7 34. Be4
Qd8 35. Bxc6 Bxc6 36. Ne5 Rc7 37. Nxc6 Rxc6 38. Qe5+ Qf6 39. Qxb5 Qxc3 40. Qxc6
Qxe1+ 41. Kh2 Qxb4 42. Qe4 Qc5 43. Kg3 c3 44. Qc2 Qc4 45. Kf3 f5 46. g4 Qe4+ 47.
Qxe4 fxe4+ 48. Ke2 Kf6 49. h4 Ke5 50. Ke3 Kd5 51. Ke2 Kc4 52. Kd1 Kd3 53. h5
gxh5 54. gxh5 e5 55. Kc1 c2 56. f3 exf3 57. Kb2 f2 58. Kc1 f1=Q+ 59. Kb2 Qb1+
60. Ka3 c1=Q+ 61. Ka4 Qc8 62. Ka5 Qa8# {White checkmated} 0-1

[Event "Team 45 45 League T95"]
[Site "Internet Chess Club"]
[Date "2023.02.19"]
[Round "6"]
[White "smsxman"]
[Black "Reykjaviking"]
[Result "1-0"]
[WhiteElo "1401"]
[BlackElo "1254"]
[Opening "Scandinavian defense"]
[ECO "B01"]
[Time "12:35:56"]
[PlyCount "113"]
[TimeControl "2700+45"]

1. e4 d5 2. exd5 Nf6 3. Nc3 Nxd5 4. Nxd5 Qxd5 5. Nf3 e5 6. c4 Qd6 7. d4 Bg4 8.
Be2 exd4 9. Nxd4 Bxe2 10. Qxe2+ Be7 11. Be3 O-O 12. O-O Nc6 13. Rad1 Rad8 14.
Nf5 Qf6 15. Nxe7+ Qxe7 16. Rxd8 Rxd8 17. b3 Nd4 18. Qb2 c5 19. a3 Rd6 20. h3 a5
21. Bxd4 Rxd4 22. Qc3 b6 23. Qf3 Re4 24. Rd1 Re1+ 25. Kh2 Rxd1 26. Qxd1 g5 27.
Qf3 Qe5+ 28. g3 Kg7 29. a4 Qf6 30. Qe3 h5 31. Kg2 Qc6+ 32. Kg1 Qf6 33. Kg2 Qc6+
34. Kf1 Qh1+ 35. Ke2 Qxh3 36. Qxg5+ Kf8 37. Qd8+ Kg7 38. Qxb6 Qg4+ 39. Kf1 Qd1+
40. Kg2 Qd3 41. Qb7 Qd6 42. Qf3 Qg6 43. Qc3+ Kh6 44. Qxa5 Qe4+ 45. Kh2 h4 46.
Qd2+ Kh7 47. Qf4 hxg3+ 48. Qxg3 Qb7 49. Qd3+ Kg7 50. Qg3+ Kh7 51. Qh4+ Kg6 52.
Qg4+ Kh6 53. Qf4+ Kg7 54. Qe5+ f6 55. Qe3 Qc7+ 56. Qg3+ Qxg3+ 57. Kxg3 {Black
resigns} 1-0

[Event "Team 45 45 League T95"]
[Site "Internet Chess Club"]
[Date "2023.02.18"]
[Round "6"]
[White "woofgang"]
[Black "stantheman59"]
[Result "1-0"]
[WhiteElo "1201"]
[BlackElo "1160"]
[Opening "Ruy Lopez: Berlin defense, 4.O-O"]
[ECO "C65"]
[Time "15:01:24"]
[PlyCount "39"]
[TimeControl "2700+45"]

1. e4 e5 2. Nf3 Nc6 3. Bb5 Nf6 4. O-O Ng4 5. Nc3 Bc5 6. d4 exd4 7. Nxd4 Nxd4 8.
Qxg4 Nxc2 9. Qxg7 Bd4 10. Qg3 Nxa1 11. Rd1 Nc2 12. Nd5 Bb6 13. Bg5 Bxf2+ 14.
Kxf2 Rg8 15. Qe5+ Kf8 16. Bxd8 c6 17. Qe7+ Kg7 18. Qf6+ Kf8 19. Be7+ Ke8 20.
Nc7# {Black checkmated} 1-0

[Event "Team 45 45 League T95"]
[Site "Internet Chess Club"]
[Date "2023.02.19"]
[Round "6"]
[White "ChessG2011"]
[Black "sdcohle"]
[Result "1-0"]
[WhiteElo "1417"]
[BlackElo "1320"]
[Opening "French: advance, Euwe variation"]
[ECO "C02"]
[Time "13:00:35"]
[PlyCount "161"]
[TimeControl "2700+45"]

1. e4 e6 2. d4 d5 3. e5 c5 4. c3 Nc6 5. Nf3 Bd7 6. Be2 f6 7. exf6 Nxf6 8. O-O
cxd4 9. Nxd4 a6 10. Re1 Bd6 11. Bf3 O-O 12. Nxe6 Bxe6 13. Rxe6 Qc7 14. g3 Ne7
15. Bg5 Qd7 16. Re1 Qf5 17. Bxf6 Rxf6 18. Re3 Bc5 19. Rd3 Rd8 20. b4 Bb6 21. Qe2
Kf8 22. Bg2 Bxf2+ 23. Kh1 Bb6 24. Rf3 Qg6 25. Rxf6+ Qxf6 26. Qf3 Qxf3 27. Bxf3
g5 28. Nd2 Rc8 29. Rc1 Be3 30. Rc2 Rc7 31. Nb3 b5 32. Kg2 Bb6 33. Nd2 d4 34. Ne4
Nf5 35. Rc1 Ne3+ 36. Kh3 h6 37. Be2 Nd5 38. Rf1+ Kg8 39. cxd4 Re7 40. Bf3 Rd7
41. Nc5 Bxc5 42. Bxd5+ Rxd5 43. dxc5 Rd4 44. a3 Rc4 45. Rf6 a5 46. Rxh6 axb4 47.
axb4 g4+ 48. Kh4 Rxb4 49. Rb6 Kg7 50. c6 Rc4 51. Rxb5 Rxc6 52. Rg5+ Kh6 53. Rxg4
Rc2 54. Kh3 Rc5 55. Rf4 Kg5 56. Kg2 Rc2+ 57. Rf2 Rc6 58. h4+ Kg4 59. Rf4+ Kh5
60. Kh3 Rc3 61. Rf5+ Kg6 62. Rg5+ Kh6 63. Rf5 Kg6 64. Kg4 Rc4+ 65. Rf4 Rc5 66.
Re4 Kf6 67. Kf4 Rf5+ 68. Kg4 Kg6 69. Re6+ Rf6 70. Rxf6+ Kxf6 71. Kh5 Kg7 72. Kg5
Kh7 73. h5 Kg7 74. g4 Kh7 75. Kf6 Kg8 76. g5 Kf8 77. g6 Kg8 78. h6 Kh8 79. g7+
Kg8 80. h7+ Kxh7 81. Kf7 {Black resigns} 1-0

[Event "Team 45 45 League T95"]
[Site "Internet Chess Club"]
[Date "2023.02.18"]
[Round "6"]
[White "Tjet"]
[Black "Pawnchain"]
[Result "1/2-1/2"]
[WhiteElo "1246"]
[BlackElo "1421"]
[Opening "Queen's pawn game, Chigorin variation"]
[ECO "D02"]
[Time "15:00:57"]
[PlyCount "42"]
[TimeControl "2700+45"]

1. Nf3 d5 2. d4 Nc6 3. g3 Bg4 4. Bg2 Nf6 5. O-O e6 6. c3 Be7 7. Re1 O-O 8. Bg5
h6 9. Bxf6 Bxf6 10. Nbd2 Ne7 11. e4 dxe4 12. Nxe4 Ng6 13. Nxf6+ Qxf6 14. h3 Bxf3
15. Qxf3 Qxf3 16. Bxf3 c6 17. Rad1 Rad8 18. Kg2 Rd6 19. Rd2 Rfd8 20. Red1 Ne5
21. Be2 Ng6 {Game drawn by mutual agreement} 1/2-1/2

[Event "Team 45 45 League T95"]
[Site "Internet Chess Club"]
[Date "2023.02.18"]
[Round "6"]
[White "Toalla"]
[Black "seattleblues"]
[Result "0-1"]
[WhiteElo "1138"]
[BlackElo "1274"]
[Opening "King's Indian: 3.g3"]
[ECO "E60"]
[Time "19:01:44"]
[PlyCount "96"]
[TimeControl "2700+45"]

1. d4 Nf6 2. c4 g6 3. g3 Bg7 4. Bg2 O-O 5. Nf3 d6 6. O-O Qe8 7. Re1 Nbd7 8. Nc3
e5 9. dxe5 dxe5 10. e4 Nc5 11. b4 Ncd7 12. Bb2 b6 13. Nd5 Nxd5 14. cxd5 Bb7 15.
Qb3 c5 16. Rac1 cxb4 17. Rc7 Nc5 18. Qc4 Qd8 19. Rxb7 Nxb7 20. Qxb4 Re8 21. Bf1
Nd6 22. Nd2 Kh8 23. Rc1 Bh6 24. Rc2 Qd7 25. Ba3 Bf8 26. Qb3 Rec8 27. Bxd6 Qxd6
28. Nc4 Qf6 29. h4 Bc5 30. Kh2 Bd4 31. Bh3 Rc5 32. d6 Rd8 33. d7 b5 34. Na5 Rxc2
35. Qxc2 Bb6 36. Nc6 Rg8 37. d8=Q Bxd8 38. Nxd8 Rxd8 39. Qe2 a6 40. Qe3 Qd6 41.
f4 Qd2+ 42. Qxd2 Rxd2+ 43. Bg2 exf4 44. gxf4 Rxa2 45. e5 Rf2 46. Kg3 Re2 47. Kf3
Rd2 48. Bh3 b4 {White resigns} 0-1

[Event "Team 45 45 League T95"]
[Site "Internet Chess Club"]
[Date "2023.02.15"]
[Round "6"]
[White "PsyMar"]
[Black "alexgame"]
[Result "1-0"]
[WhiteElo "1256"]
[BlackElo "1195"]
[Opening "Polish (Sokolsky) opening"]
[ECO "A00"]
[Time "12:03:41"]
[PlyCount "44"]
[TimeControl "2700+45"]

1. b4 Nf6 2. Bb2 e6 3. b5 Bc5 4. d4 Bb6 5. c4 a6 6. c5 Ba5+ 7. Bc3 Bxc3+ 8. Nxc3
axb5 9. Nxb5 O-O 10. e3 c6 11. Nd6 Qa5+ 12. Qd2 Qxd2+ 13. Kxd2 Nd5 14. Bd3 Na6
15. Nf3 f5 16. Rag1 Nab4 17. Bc4 Nxa2 18. Ra1 Ndb4 19. Rhb1 Rb8 20. Bxa2 Nxa2
21. Rxa2 b5 22. cxb6 Bb7 {Black resigns} 1-0

[Event "Team 45 45 League T95"]
[Site "Internet Chess Club"]
[Date "2023.02.19"]
[Round "6"]
[White "ElValero"]
[Black "scostanzo212"]
[Result "0-1"]
[WhiteElo "1663"]
[BlackElo "1554"]
[Opening "QGD Slav: exchange variation"]
[ECO "D13"]
[Time "10:00:53"]
[PlyCount "84"]
[TimeControl "2700+45"]

1. d4 d5 2. Nf3 Nf6 3. c4 c6 4. cxd5 cxd5 5. Nc3 Nc6 6. Bf4 e6 7. e3 Qb6 8. Bd3
a6 9. O-O Bd7 10. Na4 Qa5 11. Ne5 Nxe5 12. dxe5 Bxa4 13. b3 Ne4 14. Bxe4 Bb5 15.
Bd3 Ba3 16. Bxb5+ Qxb5 17. e4 dxe4 18. Qg4 g6 19. Rae1 Qd5 20. Bg3 Be7 21. Rxe4
O-O 22. Rd4 Qb5 23. h4 Rfd8 24. Rf4 Rd2 25. Qf3 Rf8 26. h5 Qd5 27. Qg4 Rd8 28.
hxg6 hxg6 29. Qh3 Rd4 30. Rxd4 Qxd4 31. Qh6 Qd2 32. Bf4 Qxa2 33. g4 Qe2 34. f3
Rd1 35. Rxd1 Qxd1+ 36. Kg2 Qxb3 37. Bg5 Bxg5 38. Qxg5 Qd5 39. Kg3 b5 40. Qf6 b4
41. Kf4 Qd2+ 42. Kg3 b3 {White resigns} 0-1

[Event "Team 45 45 League T95"]
[Site "Internet Chess Club"]
[Date "2023.02.19"]
[Round "6"]
[White "Signofthetimes"]
[Black "mongmong"]
[Result "1/2-1/2"]
[WhiteElo "1531"]
[BlackElo "1410"]
[Opening "French defense"]
[ECO "C00"]
[Time "10:01:02"]
[PlyCount "80"]
[TimeControl "2700+45"]

1. e4 e6 2. Nf3 d5 3. exd5 exd5 4. d4 Bd6 5. Nc3 c6 6. Be2 Ne7 7. Bg5 f6 8. Be3
O-O 9. a3 Nd7 10. Qd2 Nb6 11. O-O Qc7 12. b4 Be6 13. Rfe1 Nf5 14. Bd3 Nxe3 15.
Qxe3 Rae8 16. g3 Qd7 17. Qd2 Bf5 18. Bf1 Rxe1 19. Rxe1 Re8 20. Rxe8+ Qxe8 21.
Nh4 Bd7 22. Qe2 Qxe2 23. Bxe2 Nc8 24. Ng2 Bf5 25. Bd1 Nb6 26. Ne3 Bg6 27. Ne2
Na4 28. c4 Nb2 29. cxd5 Nxd1 30. Nxd1 cxd5 31. Ne3 a5 32. Nxd5 axb4 33. axb4 Kf7
34. f3 Ke6 35. Nec3 Bd3 36. Kf2 Bc4 37. Nf4+ Kf7 38. Nfd5 Ke6 39. Nf4+ Kf7 40.
Nfd5 Ke6 {Game drawn by repetition} 1/2-1/2

[Event "Team 45 45 League T95"]
[Site "Internet Chess Club"]
[Date "2023.02.18"]
[Round "6"]
[White "Gilguli"]
[Black "tightfist"]
[Result "1-0"]
[WhiteElo "1431"]
[BlackElo "1360"]
[Opening "French: advance, Paulsen attack"]
[ECO "C02"]
[Time "16:08:10"]
[PlyCount "103"]
[TimeControl "2700+45"]

1. e4 e6 2. d4 d5 3. e5 c5 4. c3 Nc6 5. Nf3 Qb6 6. g3 cxd4 7. cxd4 Bb4+ 8. Nc3
Nge7 9. Bd3 Bd7 10. Bc2 Nf5 11. Bxf5 exf5 12. O-O Bxc3 13. bxc3 O-O 14. Be3 Rab8
15. c4 Be6 16. c5 Qc7 17. Ng5 b6 18. cxb6 Qxb6 19. Qh5 h6 20. Nf3 Ne7 21. Bxh6
Bd7 22. Bxg7 Kxg7 23. Qg5+ Ng6 24. h4 f6 25. exf6+ Qxf6 26. Qxf6+ Rxf6 27. Rfe1
Re6 28. h5 Rxe1+ 29. Rxe1 Nf8 30. Ne5 Kf6 31. Kg2 Be6 32. Kf3 Rb2 33. h6 Rxa2
34. Rb1 Ra3+ 35. Kg2 Ra4 36. Rb8 Ng6 37. h7 Kg7 38. Nxg6 Kxh7 39. Nf8+ Kg7 40.
Nxe6+ Kf6 41. Nf4 Rxd4 42. Rb7 a5 43. Rb5 a4 44. Nxd5+ Kg5 45. Ne3 a3 46. Rxf5+
Kg6 47. Ra5 Rd3 48. Kf3 Kf6 49. Ke4 Rb3 50. Kd4 Rb4+ 51. Kc3 Rb6 52. Nd5+ {Black
resigns} 1-0

[Event "Team 45 45 League T95"]
[Site "Internet Chess Club"]
[Date "2023.02.15"]
[Round "6"]
[White "Kingofknights"]
[Black "Toalla"]
[Result "1-0"]
[WhiteElo "1528"]
[BlackElo "1146"]
[Opening "QGD: 4.Bg5 Nbd7"]
[ECO "D51"]
[Time "17:30:48"]
[PlyCount "71"]
[TimeControl "2700+45"]

1. d4 d5 2. c4 e6 3. Nc3 Nf6 4. Bg5 Nbd7 5. Nf3 Be7 6. e3 c6 7. Qc2 Ne4 8. Bxe7
Qxe7 9. Nxe4 dxe4 10. Qxe4 Nf6 11. Qc2 Qb4+ 12. Nd2 O-O 13. a3 Qe7 14. Bd3 g6
15. O-O Rd8 16. Nf3 c5 17. dxc5 Qxc5 18. b4 Qd6 19. Rfd1 Qc7 20. Qc3 Nd7 21.
Rac1 b6 22. Be2 Bb7 23. Nd4 a6 24. Bf3 Bxf3 25. Nxf3 Rac8 26. h4 h6 27. c5 b5
28. Rd6 Nb8 29. Rcd1 Re8 30. Ne5 Rcd8 31. Rxd8 Rxd8 32. Rxd8+ Qxd8 33. Qd4 Qxd4
34. exd4 Kf8 35. c6 Ke7 36. c7 {Black resigns} 1-0

[Event "Team 45 45 League T95"]
[Site "Internet Chess Club"]
[Date "2023.02.20"]
[Round "6"]
[White "Gojira"]
[Black "Portola"]
[Result "1/2-1/2"]
[WhiteElo "1614"]
[BlackElo "1801"]
[Opening "Queen's pawn: Chigorin variation"]
[ECO "D00"]
[Time "14:01:48"]
[PlyCount "51"]
[TimeControl "2700+45"]

1. d4 d5 2. Nc3 Nf6 3. Bf4 Bf5 4. e3 c6 5. f3 e6 6. g4 Bg6 7. h4 h6 8. Bd3 Bxd3
9. Qxd3 Bd6 10. Nge2 Qe7 11. O-O-O Na6 12. e4 Bxf4+ 13. Nxf4 dxe4 14. Nxe4 Nxe4
15. Qxe4 Nb4 16. c3 Nd5 17. Nd3 O-O-O 18. Ne5 Rhf8 19. Rde1 Qf6 20. h5 Rde8 21.
Rhf1 Nf4 22. Nxc6 bxc6 23. Qxc6+ Kb8 24. Qd6+ Ka8 25. Qc6+ Kb8 26. Qd6+ {Game
drawn by mutual agreement} 1/2-1/2

[Event "Team 45 45 League T95"]
[Site "Internet Chess Club"]
[Date "2023.02.17"]
[Round "6"]
[White "rubo"]
[Black "BlueStorm"]
[Result "1/2-1/2"]
[WhiteElo "1511"]
[BlackElo "1502"]
[Opening "Queen's pawn"]
[ECO "A40"]
[Time "18:00:40"]
[PlyCount "58"]
[TimeControl "2700+45"]

1. d4 c6 2. c3 d5 3. Bf4 Bf5 4. Nf3 e6 5. Qb3 Qb6 6. Nbd2 Nd7 7. Nh4 Bg6 8. e3
Be7 9. Nxg6 hxg6 10. Nf3 Ngf6 11. Bd3 Nh5 12. Ke2 Nxf4+ 13. exf4 c5 14. Qxb6
Nxb6 15. Bb5+ Kf8 16. Bd3 c4 17. Bc2 Nd7 18. Ba4 Nb6 19. Bc2 Nd7 20. Ne5 Nxe5
21. fxe5 Rh6 22. h3 f5 23. exf6 gxf6 24. f4 Bd6 25. Raf1 b5 26. a3 Kf7 27. g4
Rah8 28. Rf3 f5 29. g5 Rh4 {Game drawn by mutual agreement} 1/2-1/2

[Event "Team 45 45 League T95"]
[Site "Internet Chess Club"]
[Date "2023.02.17"]
[Round "6"]
[White "Rookmaster"]
[Black "nosir"]
[Result "1-0"]
[WhiteElo "1627"]
[BlackElo "1490"]
[Opening "Pirc defense"]
[ECO "B07"]
[Time "11:00:33"]
[PlyCount "91"]
[TimeControl "2700+45"]

1. e4 d6 2. d4 Nf6 3. Nc3 Nbd7 4. g4 h6 5. Nf3 e5 6. Rg1 c6 7. h4 Qc7 8. g5 Nh5
9. Bc4 g6 10. gxh6 Bxh6 11. Bxh6 Rxh6 12. Ng5 f6 13. Bf7+ Ke7 14. Bxg6 Nf4 15.
Qg4 Rxg6 16. Qf3 fxg5 17. hxg5 Nf8 18. dxe5 dxe5 19. O-O-O Be6 20. Qe3 Rd8 21.
Qc5+ Ke8 22. Rxd8+ Kxd8 23. Qxf8+ Kd7 24. Rd1+ Nd5 25. exd5 cxd5 26. Nxd5 Bxd5
27. Rxd5+ Rd6 28. Rxd6+ Qxd6 29. Qxd6+ Kxd6 30. Kd2 Ke6 31. Ke3 Kf5 32. c4 Kxg5
33. Ke4 Kf6 34. Kd5 Kf5 35. b4 e4 36. a4 Kf6 37. Kxe4 Ke6 38. f4 b6 39. b5 Kf6
40. f5 Kf7 41. Ke5 Ke7 42. f6+ Kf7 43. Kf5 Kf8 44. Ke6 Ke8 45. f7+ Kf8 46. Kf6
{Black resigns} 1-0